 Dungeon Crawl Stone Soup version 0.28.0-43-g3370ac3207 (webtiles) character file.

Game seed: 4824563664239919486

295 safid the Chopper (level 6, -4/52 HPs)
             Began as a Hill Orc Fighter on Mar 10, 2022.
             Was an Initiate of Beogh.
             Slain by Edmund
             ... wielding a +0 vorpal dire flail
              (6 damage)
             ... on level 5 of the Dungeon.
             The game lasted 00:06:00 (3594 turns).

safid the Chopper (Hill Orc Fighter)                Turns: 3594, Time: 00:06:00

Health: -4/52      AC:  7    Str: 21    XL:     6   Next: 34%
Magic:  6/6        EV:  9    Int:  8    God:    Beogh [......]
Gold:   152        SH:  4    Dex: 10    Spells: 5/5 levels left

rFire   . . .      SeeInvis .   a - +0 war axe
rCold   . . .      Faith    .   c - +0 buckler
rNeg    . . .      Spirit   .   b - +0 scale mail
rPois   .          Reflect  .   (no helmet)
rElec   .          Harm     .   (no cloak)
rCorr   .          Rampage  .   (no gloves)
Will    .....                   (no boots)
Stlth   ..........              (no amulet)
HPRegen 0.17/turn               (no ring)
MPRegen 0.10/turn               (no ring)

@: no status effects
A: no striking features
a: Renounce Religion


You were on level 5 of the Dungeon.
You worshipped Beogh.
Beogh was noncommittal.
You visited 1 branch of the dungeon, and saw 5 of its levels.

You collected 152 gold pieces.

Inventory:

Hand Weapons
 a - a +0 war axe (weapon)
Missiles
 i - 2 javelins
 j - a throwing net
 k - a poisoned dart (quivered)
Armour
 b - a +0 scale mail (worn)
 c - a +0 buckler (worn)
Jewellery
 f - a ring of flight
Wands
 m - a wand of flame (9)
Scrolls
 h - 2 scrolls of vulnerability {unknown}
 n - a scroll of silence {unknown}
 o - a scroll of brand weapon {unknown}
 p - a scroll of teleportation {unknown}
 q - 3 scrolls of identify {unknown}
 r - a scroll of amnesia {unknown}
Potions
 d - 2 potions of might
 e - 3 potions of mutation {unknown}
 g - a potion of brilliance {unknown}
 l - 4 potions of heal wounds {unknown}
 s - a potion of berserk rage {unknown}


   Skills:
 - Level 4.0 Fighting
 + Level 7.4 Axes
 - Level 4.0 Armour
 - Level 4.0 Shields


You had 5 spell levels left.
You didn't know any spells.
Your spell library contained the following spells:

 Spells                   Type           Power      Damage    Failure   Level
 Slow                     Hex            0%         N/A       83%         1
 Summon Small Mammal      Summ           0%         N/A       83%         1
 Blink                    Tloc           0%         N/A       92%         2
 Sublimation of Blood     Necr           0%         N/A       92%         2
 Call Canine Familiar     Summ           0%         N/A       99%         3
 Confusing Touch          Hex            0%         N/A       99%         3
 Lesser Beckoning         Tloc           0%         N/A       99%         3
 Summon Guardian Golem    Hex/Summ       0%         N/A       99%         3
 Vampiric Draining        Necr           0%         2d6       99%         3
 Petrify                  Tmut/Erth      0%         N/A       100%        4
 Irradiate                Conj/Tmut      0%         3d13      100%        5
 Manifold Assault         Tloc           0%         N/A       100%        5


Dungeon Overview and Level Annotations

Branches:
Dungeon (5/15)             Temple (0/1) D:4

Altars:
Fedhas
Hepliaklqana
Yredelemnul

Shops:
D:2 :!(

Annotations:
D:5 Edmund


Message History

Unknown command.
You barely miss Edmund.
Edmund is lightly wounded.
Edmund looks more healthy.
Edmund misses you.
Edmund hits you with a +0 vorpal dire flail.
Unknown command.
You hit Edmund.
Edmund is moderately wounded.
Edmund completely misses you.
You hit Edmund.
Edmund is moderately wounded.
You block Edmund's attack.
You hit Edmund.
Edmund is heavily wounded.
Edmund hits you with a +0 vorpal dire flail!
You hit Edmund.
Edmund is heavily wounded.
Edmund hits you with a +0 vorpal dire flail!
You hit Edmund but do no damage.
Edmund is heavily wounded.
Edmund hits you with a +0 vorpal dire flail!
You slash Edmund!
Edmund is severely wounded.
Edmund hits you but does no damage.
You barely miss Edmund.
Edmund is severely wounded.
Edmund hits you with a +0 vorpal dire flail!
* * * LOW HITPOINT WARNING * * *
x2 You barely miss Edmund.
Edmund is severely wounded.
Edmund hits you with a +0 vorpal dire flail.
* * * LOW HITPOINT WARNING * * *
x2 Edmund barely misses you.
You slash Edmund!
Edmund is almost dead.
You block Edmund's attack.
You barely miss Edmund.
Edmund is almost dead.
Edmund hits you with a +0 vorpal dire flail.
You die...

.((#+## ..........# #
.(........# .#
..........##.###
##.#.##.#.......#
.(#.##.#.......#
.######@#.##.+.......#
.......@#.##.#.......#
.##..................#..
....###.#.#..#.......#..
### #.#.#..#)......#..
###.#....#.#.###..
#.####.#.#.# #.. #..
..#.#.# #.. #.. ####.#.#
#.. #.. #.#.###..


You could see Edmund.

Vanquished Creatures
  A hound (D:5)
  An iguana (D:3)
  Natasha (thrice) (D:2)
  An orc wizard (D:2)
  3 gnolls (D:2)
  3 adders
  A worm (D:2)
  2 dart slugs
  11 orcs
  6 ball pythons
  4 endoplasms
  8 goblins
  6 hobgoblins
  6 kobolds
  2 quokkas
  7 bats
  5 frilled lizards
  4 rats
74 creatures vanquished.

Vanquished Creatures (others)
  4 plants (D:2)
4 creatures vanquished.

Grand Total: 78 creatures vanquished

Notes
Turn   | Place    | Note
-------+----------+-------------------------------------------
     0 | D:1      | safid the Hill Orc Fighter began the quest for the Orb.
     0 | D:1      | Reached XP level 1. HP: 19/19 MP: 1/1
   115 | D:1      | Reached XP level 2. HP: 27/27 MP: 2/2
   200 | D:1      | Reached skill level 3 in Axes
   633 | D:1      | Reached XP level 3. HP: 33/33 MP: 3/3
   710 | D:1      | Found a faded altar of an unknown god.
   970 | D:2      | Noticed Natasha
   973 | D:2      | Killed Natasha
  1017 | D:2      | Reached XP level 4. HP: 38/40 MP: 4/4
  1046 | D:2      | Found Zovaq's Distillery.
  1082 | D:2      | Found Pywah's Antique Weapon Shoppe.
  1112 | D:2      | Reached skill level 4 in Axes
  1118 | D:2      | Noticed Natasha
  1129 | D:2      | Killed Natasha
  1369 | D:2      | Reached skill level 5 in Axes
  1816 | D:2      | Reached XP level 5. HP: 46/46 MP: 5/5
  1817 | D:2      | Found Xykell's Book Emporium.
  1862 | D:2      | Noticed Natasha
  1865 | D:2      | Killed Natasha
  1954 | D:2      | Reached skill level 6 in Axes
  2597 | D:3      | Reached skill level 7 in Axes
  2597 | D:3      | Reached XP level 6. HP: 30/52 MP: 6/6
  2776 | D:3      | Found a blossoming altar of Fedhas.
  2856 | D:3      | Found a hazy altar of Hepliaklqana.
  3047 | D:3      | Found a basalt altar of Yredelemnul.
  3172 | D:4      | Became a worshipper of Beogh the Brigand
  3261 | D:4      | Found a staircase to the Ecumenical Temple.
  3474 | D:5      | Entered Level 5 of the Dungeon
  3576 | D:5      | Noticed Edmund
  3592 | D:5      | HP: 2/52 [Edmund/+0 vorpal dire flail (1)]
  3594 | D:5      | Slain by Edmund

Illustrated notes

Levels and vault maps discovered:
D:1:      dpeg_arrival_subterranean_lakeside_camping, layout_loops_ring,
          shapermc_ecumenical_altar_hornbeckon
D:2:      cheibrodos_old_hovel, layout_rooms, serial_shops,
          nicolae_shop_crystal, shop, shop, minmay_vboxes, uniq_natasha
D:3:      layout_basic, mainiacjoe_overflow_brackets,
          mainiacjoe_overflow_six_doors_small, lemuel_round_altar
D:4:      kennysheep_spiral_hall, layout_loops_cross,
          minmay_temple_entry_sparse_star
D:5:      layout_basic, uniq_edmund, uniq_menkaure

Skill      XL: |  1  2  3  4  5 |
---------------+----------------+-----
Axes           | 3 5 7 |  7.4
Fighting       | 4 |  4.0
Armour         | 4 |  4.0
Shields        | 4 |  4.0

Action                   |  1- 3 |  4- 6 || total
-------------------------+-------+-------++-------
Melee: War axe           |    63 |   154 ||   217
Throw: Dart              |       |     4 ||     4
       Javelin           |       |     1 ||     1
Invok: Convert to Beogh  |       |     1 ||     1
  Use: Potion            |       |     4 ||     4
Armor: Scale mail        |    39 |    83 ||   122
Dodge: Dodged            |    33 |    81 ||   114
Block: Buckler           |     7 |    36 ||    43
